[Event "36th European Club Cup 2021"]
[Site "Struga"]
[Date "2021.09.24"]
[Round "7.20"]
[White "Malakhov, Vladimir"]
[Black "Christiansen, Johan-Sebastian"]
[Result "1/2-1/2"]
[ECO "B53"]
[WhiteElo "2666"]
[BlackElo "2609"]
[Annotator "ChessBase"]
[PlyCount "133"]
[EventDate "2021.09.18"]
[EventType "team-tourn"]
[EventCountry "MKD"]
[SourceTitle "playchess.com"]
[Source "ChessBase"]
[SourceQuality "1"]
[TimeControl "40/5400+30:1800+30"]

1. Nf3 c5 2. e4 d6 3. d4 cxd4 4. Qxd4 Nf6 5. Bb5+ Nc6 6. Qd3 Bd7 7. c4 a6 8. Bxc6 Bxc6 9. Nc3 h6 10. O-O e5 11. a4 Be7 12. Be3 O-O 13.
a5 Nxe4 14. Nxe4 f5 15. Nfd2 fxe4 16. Nxe4 d5 17. cxd5 Qxd5 18. Qxd5+ Bxd5 19. Nc5 Bxc5 20. Bxc5 Rfd8 21. Rfe1 e4 22. Bb6 Rf8 23. Rad1 Bc6 24. Rd4 Rf5 25. b4 Raf8 26. Bc5 R8f7 27. Rd8+ Kh7 28. Red1 Rg5 29. Be3 Rgf5 30. R8d4 Re7 31. h3 Rff7 32. Rd6 Rd7 33. Bc5 Rxd6 34. Rxd6 Rd7 35. Re6 Kg8 36. b5 Bxb5 37. Rxe4 Bc6 38. Re3 Rd5 39. Bb4 Rg5 40. f3 Rb5 41. Bc3 Rb3 42. h4 Kf7 43. h5 b5 44. axb6 Rxb6 45. f4 Rb7 46. f5 Rb5 47. Rg3 Rxf5 48.
Rxg7+ Kf8 49. Rg6 Be8 50. Rxh6 Bxh5 51. Rxa6 Kf7 52. Kh2 Be2 53. Ra2 Bc4 54. Ra7+ Kg6 55. Rg7+ Kh6 56. Re7 Bd5 57. Bd4 Kg6 58. Rg7+ Kh6 59. Rd7 Be4 60. g4 Rf3 61. Re7 Bd5 62. Re5 Ba8 63. Bb6 Kg6 64. Bd8 Rd3 65. Bh4 Rd4 66. Kh3 Bf3 67. Rg5+ 1/2-1/2

[Event "36th European Club Cup 2021"]
[Site "Struga"]
[Date "2021.09.24"]
[Round "7.21"]
[White "Urkedal, Frode Olav Olsen"]
[Black "Zvjaginsev, Vadim"]
[Result "1/2-1/2"]
[ECO "D53"]
[WhiteElo "2568"]
[BlackElo "2603"]
[Annotator "ChessBase"]
[PlyCount "84"]
[EventDate "2021.09.18"]
[EventType "team-tourn"]
[EventCountry "MKD"]
[SourceTitle "playchess.com"]
[Source "ChessBase"]
[SourceQuality "1"]
[TimeControl "40/5400+30:1800+30"]

1. d4 Nf6 2. c4 e6 3. Nf3 d5 4. Nc3 c6 5. Bg5 Be7 6. e3 h6 7. Bf4 Nbd7 8. h3 Bb4 9. Rc1 O-O 10. Bd3 c5 11. O-O cxd4 12. exd4 dxc4 13. Bxc4 Nb6 14. Bb3 Bd7 15. Ne5 Rc8 16. Qf3 Bc6 17. Nxc6 Rxc6 18. Be5 Nfd7 19. Ne4 Nd5 20. Qg4 Nxe5 21. dxe5 Be7 22. Rcd1 Qa5 23. Rd3 Rfc8 24. Bxd5 exd5 25. Nc3 Rd8 26. Rfd1 Rc4 27. Rxd5 Rxg4 28. Rxa5 Rxd1+ 29. Nxd1 Rc4 30. Rd5 Kf8 31. Kf1 f6 32. Rd7 b5 33. exf6 Bxf6 34. Rxa7 Bxb2 35. Rb7 b4 36. Ne3 Rc1+ 37. Ke2 Bc3 38. Kd3 Ra1 39. Ra7 Be1 40. Nc2 b3 41. axb3 Rxa7 42. Nxe1 Rb7 1/2-1/2

[Event "36th European Club Cup 2021"]
[Site "Struga"]
[Date "2021.09.24"]
[Round "7.22"]
[White "Rublevsky, Sergei"]
[Black "Haldorsen, Benjamin"]
[Result "1-0"]
[ECO "B70"]
[WhiteElo "2641"]
[BlackElo "2465"]
[Annotator "ChessBase"]
[PlyCount "75"]
[EventDate "2021.09.18"]
[EventType "team-tourn"]
[EventCountry "MKD"]
[SourceTitle "playchess.com"]
[Source "ChessBase"]
[SourceQuality "1"]
[TimeControl "40/5400+30:1800+30"]

1. e4 c5 2. Nf3 Nc6 3. Nc3 g6 4. d4 cxd4 5. Nxd4 Bg7 6. Nb3 Nf6 7. Be2 d6 8. O-O O-O 9. Re1 a6 10. Bf1 b5 11. a4 b4 12. Nd5 e6 13.
Nxf6+ Bxf6 14. a5 Qe7 15. Ra2 Bb7 16. Be3 Rfc8 17. Bb6 Ne5 18.
Ra4 d5 19. f4 Nc4 20. e5 Bg7 21. Bd4 Bc6 22. Ra1 Bb5 23. Bd3 Bf8 24. Qg4 Bd7 25. h4 Qe8 26. h5 Rc7 27. Re2 Rac8 28. Rf1 Bg7 29. Qh3 Ba4 30. Ra1 Bd7 31. g4 Qf8 32. Rf1 Qe8 33. Rh2 Ba4 34. hxg6 hxg6 35. f5 exf5 36. gxf5 gxf5 37. Qh7+ Kf8 38. Rg2 1-0

[Event "36th European Club Cup 2021"]
[Site "Struga"]
[Date "2021.09.24"]
[Round "7.23"]
[White "Ranaldi, Lucas"]
[Black "Alekseev, Evgeny"]
[Result "1/2-1/2"]
[ECO "D63"]
[WhiteElo "2325"]
[BlackElo "2610"]
[Annotator "ChessBase"]
[PlyCount "94"]
[EventDate "2021.09.18"]
[EventType "team-tourn"]
[EventCountry "MKD"]
[SourceTitle "playchess.com"]
[Source "ChessBase"]
[SourceQuality "1"]
[TimeControl "40/5400+30:1800+30"]

1. Nf3 d5 2. d4 Nf6 3. c4 e6 4. Nc3 Nbd7 5. Bg5 h6 6. Bh4 Be7 7. e3 O-O 8. Rc1 c5 9. cxd5 Nxd5 10. Bxe7 Nxe7 11. Be2 b6 12. O-O Bb7 13. dxc5 Nxc5 14. b4 Ne4 15. Nxe4 Bxe4 16. Qa4 Nd5 17. b5 Nf6 18. Rfd1 Qe7 19. Nd4 Rfd8 20. Nc6 Rxd1+ 21. Bxd1 Qd6 22. Bf3 Bxf3 23. gxf3 e5 24. Qc4 Nd7 25. Qe4 Re8 26. Qc2 Nc5 27. Rd1 Qf6 28. Qe2 a6 29. Nb4 axb5 30. Nd5 Qc6 31. Nb4 Qg6+ 32. Kh1 Qh5 33. Rg1 Rd8 34. e4 Rd4 35. Nd5 Kf8 36. Re1 f5 37. Nc3 fxe4 38. Nxe4 Nxe4 39. fxe4 Qxe2 40. Rxe2 Ke7 41. Kg2 h5 42. Kg3 g5 43. f3 Rd3 44. Rb2 g4 45. Rxb5 Rxf3+ 46. Kg2 Kf6 47. h4 Re3 1/2-1/2

[Event "36th European Club Cup 2021"]
[Site "Struga"]
[Date "2021.09.24"]
[Round "7.24"]
[White "Kornev, Alexei"]
[Black "Haarr, Jon Kristian"]
[Result "*"]
[ECO "A31"]
[WhiteElo "2500"]
[BlackElo "2162"]
[Annotator "ChessBase"]
[PlyCount "88"]
[EventDate "2021.09.18"]
[EventType "team-tourn"]
[EventCountry "MKD"]
[SourceTitle "playchess.com"]
[Source "ChessBase"]
[SourceQuality "1"]
[TimeControl "40/5400+30:1800+30"]

1. Nf3 c5 2. c4 Nc6 3. d4 cxd4 4. Nxd4 Nf6 5. Nc3 d5 6.
cxd5 Nxd5 7. Nxc6 bxc6 8. Bd2 g6 9. Qa4 Nb6 10. Qxc6+ Bd7 11.
Qe4 Bg7 12. e3 O-O 13. Rd1 Bf5 14. Qf3 Qc8 15. Be2 Nc4 16. Nd5 Re8 17. Bxc4 Qxc4 18. Nxe7+ Kh8 19. Nxf5 gxf5 20. Rc1 Qxa2 21.
Bc3 Bxc3+ 22. bxc3 Qc4 23. Qxf5 Re6 24. Qc2 Rb8 25. Qd2 Kg8 26. Qd4 Qa6 27. c4 Rd6 28. Qc3 Rc8 29. O-O Rdc6 30. Ra1 Qb7 31. Ra4 Qd7 32. Qa1 Rg6 33. Qd1 Qh3 34. Qd5 Kh8 35. g3 Rh6 36. Qg2 Qd7 37. Rfa1 a6 38. Rxa6 Rxa6 39. Rxa6 Rxc4 40. Qf3 Kg8 41. Kg2 Rc1 42. Ra5 h6 43. Qd5 Qg4 44. Ra8+ Rc8 *

[Event "36th European Club Cup 2021"]
[Site "Struga"]
[Date "2021.09.24"]
[Round "7.25"]
[White "Mikhalevski, Victor"]
[Black "Indjic, Aleksandar"]
[Result "0-1"]
[ECO "A61"]
[WhiteElo "2573"]
[BlackElo "2629"]
[Annotator "ChessBase"]
[PlyCount "112"]
[EventDate "2021.09.18"]
[EventType "team-tourn"]
[EventCountry "MKD"]
[SourceTitle "playchess.com"]
[Source "ChessBase"]
[SourceQuality "1"]
[TimeControl "40/5400+30:1800+30"]

1. d4 Nf6 2. c4 e6 3. Nf3 c5 4. d5 d6 5. Nc3 exd5 6. cxd5 g6 7. Bf4 Bg7 8. h3 O-O 9. e3 Na6 10. Bc4 Nc7 11. a4 a6 12. O-O Rb8 13. a5 b5 14. axb6 Rxb6 15.
Ra2 Nb5 16. Ne2 Re8 17. Bh2 h6 18. Nd2 Bb7 19. Bb3 Bxd5 20.
Bxd5 Nxd5 21. Nc4 Nb4 22. Nxb6 Qxb6 23. Ra4 Bxb2 24. Qb3 Bg7 25. Rxb4 cxb4 26. Qxb4 d5 27. Rd1 Qc6 28. Rc1 Qd7 29. Qa4 Qb7 30. Qb3 Qa8 31. Rd1 Rd8 32. Bg3 d4 33. exd4 Nxd4 34. Nxd4 Rxd4 35. Rc1 h5 36. Qf3 Qxf3 37. Rc8+ Kh7 38. gxf3 a5 39. Rc7 f6 40. Ra7 a4 41. h4 Kg8 42. Ra8+ Bf8 43. Kf1 a3 44. Ke2 Kf7 45. Ke3 Rd7 46. Ke2 Bc5 47. Ra5 Ra7 48. Rxc5 a2 49. Rc1 a1=Q 50. Rxa1 Rxa1 51. Ke3 Ke6 52. Ke4 Ra4+ 53. Ke3 Kf5 54. Ke2 Ra1 55. Kd2 Rh1 56. Ke2 g5 0-1

[Event "36th European Club Cup 2021"]
[Site "Struga"]
[Date "2021.09.24"]
[Round "7.26"]
[White "Ivanisevic, Ivan"]
[Black "Nabaty, Tamir"]
[Result "1/2-1/2"]
[ECO "D27"]
[WhiteElo "2582"]
[BlackElo "2638"]
[Annotator "ChessBase"]
[PlyCount "109"]
[EventDate "2021.09.18"]
[EventType "team-tourn"]
[EventCountry "MKD"]
[SourceTitle "playchess.com"]
[Source "ChessBase"]
[SourceQuality "1"]
[TimeControl "40/5400+30:1800+30"]

1. d4 d5 2. c4 e6 3. Nc3 Nf6 4. Nf3 dxc4 5. e3 a6 6. Bxc4 b5 7. Bb3 Bb7 8. O-O c5 9. e4 Be7 10. e5 Ne4 11. Ne2 O-O 12. Nf4 cxd4 13.
Nxd4 Nc6 14. Nxc6 Bxc6 15. Be3 Bc5 16. Rc1 Bxe3 17. fxe3 Bb7 18. Qxd8 Raxd8 19. Rc7 Ba8 20. h4 Ng3 21. Rf2 Ne4 22. Nxe6 fxe6 23. Bxe6+ Kh8 24. Rxf8+ Rxf8 25. Bf7 g6 26. e6 Nf6 27. e7 Rb8 28.
g4 Bf3 29. g5 Ne8 30. Rd7 Kg7 31. Rd8 Kxf7 32. Rxb8 Kxe7 33. Rb6 Nc7 34. Kf2 Bd5 35. a3 a5 36. Rb8 Kd6 37. Rh8 Be4 38. Rxh7 Ne6 39. Kg3 Bc2 40. Rf7 b4 41. Ra7 Nc5 42. Rxa5 b3 43. h5 gxh5 44. Kh4 Nd3 45.
g6 Nxb2 46. g7 Bh7 47. Rxh5 Bg8 48. Rh8 Bc4 49. g8=Q Bxg8 50. Rxg8 Kc5 51. Rc8+ Kb5 52. Rc3 Ka4 53. e4 Nd1 54. Rc1 Ne3 55. e5 1/2-1/2

[Event "36th European Club Cup 2021"]
[Site "Struga"]
[Date "2021.09.24"]
[Round "7.27"]
[White "Roiz, Michael"]
[Black "Miladinovic, Igor"]
[Result "1/2-1/2"]
[ECO "D30"]
[WhiteElo "2580"]
[BlackElo "2536"]
[Annotator "ChessBase"]
[PlyCount "67"]
[EventDate "2021.09.18"]
[EventType "team-tourn"]
[EventCountry "MKD"]
[SourceTitle "playchess.com"]
[Source "ChessBase"]
[SourceQuality "1"]
[TimeControl "40/5400+30:1800+30"]

1. d4 d5 2. c4 e6 3. Nf3 a6 4. Bg5 Be7 5. Bxe7 Qxe7 6. Nbd2 Nf6 7. g3 dxc4 8. Nxc4 Nc6 9. Rc1 O-O 10. Bg2 Rd8 11. e3 Qb4+ 12. Qd2 Qxd2+ 13. Kxd2 Nb4 14. a3 Nbd5 15. Nfe5 a5 16. Rhd1 Bd7 17. Nxd7 Nxd7 18. Ke2 c6 19. g4 Kf8 20. g5 Ke7 21. h4 a4 22. Nd2 Ra5 23. Rc2 h6 24. Be4 hxg5 25. hxg5 Rh8 26. Rh1 Rxh1 27. Bxh1 Rb5 28. Be4 N5b6 29. f4 f6 30. Nf3 Ra5 31. Rc1 Rb5 32. Rc2 Ra5 33. Rc1 Rb5 34. Rc2 1/2-1/2

[Event "36th European Club Cup 2021"]
[Site "Struga"]
[Date "2021.09.24"]
[Round "7.28"]
[White "Perunovic, Milos"]
[Black "Rodshtein, Maxim"]
[Result "0-1"]
[ECO "C67"]
[WhiteElo "2566"]
[BlackElo "2599"]
[Annotator "ChessBase"]
[PlyCount "74"]
[EventDate "2021.09.18"]
[EventType "team-tourn"]
[EventCountry "MKD"]
[SourceTitle "playchess.com"]
[Source "ChessBase"]
[SourceQuality "1"]
[TimeControl "40/5400+30:1800+30"]

1. e4 e5 2. Nf3 Nc6 3. Bb5 Nf6 4. O-O Nxe4 5. d4 Nd6 6.
dxe5 Nxb5 7. a4 Nbd4 8. Nxd4 d5 9. c3 Be7 10. f4 O-O 11. Be3 f6 12. Nxc6 bxc6 13. Nd2 fxe5 14. fxe5 Qe8 15. a5 c5 16. Nf3 Qc6 17. Bg5 Bxg5 18. Nxg5 Bf5 19. Qe2 h6 20. Nf3 Rab8 21. Rf2 Be4 22. Raf1 Rfe8 23. Qe3 a6 24. h3 Re7 25. Qf4 Rbe8 26. Re1 c4 27. Nd4 Qg6 28. Re3 Rf7 29. Qh4 Rxf2 30. Qxf2 Rxe5 31. Rg3 Qd6 32. Qf4 c5 33. Qg4 Re7 34. Ne2 Kh7 35. Nf4 Rf7 36. Nh5 g6 37. Qc8 Qf8 0-1

[Event "36th European Club Cup 2021"]
[Site "Struga"]
[Date "2021.09.24"]
[Round "7.29"]
[White "Postny, Evgeny"]
[Black "Miljkovic, Miroslav D"]
[Result "0-1"]
[ECO "D30"]
[WhiteElo "2564"]
[BlackElo "2470"]
[Annotator "ChessBase"]
[PlyCount "78"]
[EventDate "2021.09.18"]
[EventType "team-tourn"]
[EventCountry "MKD"]
[SourceTitle "playchess.com"]
[Source "ChessBase"]
[SourceQuality "1"]
[TimeControl "40/5400+30:1800+30"]

1. d4 d5 2. c4 e6 3. Nf3 a6 4. c5 b6 5. cxb6 c5 6. e3 Nd7 7. Nc3 Ngf6 8. Bd3 Qxb6 9. O-O Bd6 10. Na4 Qb8 11. Bd2 c4 12. Bc2 O-O 13. b3 cxb3 14. axb3 a5 15.
Nb2 Bc7 16. Qb1 Ne4 17. g3 f5 18. Rc1 Ndf6 19. Nd3 Nxd2 20. Nxd2 Ne4 21. Nxe4 fxe4 22. Nc5 e5 23. b4 exd4 24. exd4 e3 25.
Bxh7+ Kh8 26. Ra2 Bh3 27. fxe3 Qd8 28. Qg6 Rf6 29. Qd3 Qe7 30. Rf2 Rxf2 31. Kxf2 Rf8+ 32. Ke2 axb4 33. Re1 Bd6 34. Nb3 Bg4+ 35. Kd2 Rf2+ 36. Kc1 Qa7 37. Nd2 Qa1+ 38. Qb1 Qc3+ 39. Qc2 Rxd2 0-1

[Event "36th European Club Cup 2021"]
[Site "Struga"]
[Date "2021.09.24"]
[Round "7.30"]
[White "Stankovic, Milos"]
[Black "Huzman, Alexander"]
[Result "1/2-1/2"]
[ECO "C42"]
[WhiteElo "2409"]
[BlackElo "2547"]
[Annotator "ChessBase"]
[PlyCount "143"]
[EventDate "2021.09.18"]
[EventType "team-tourn"]
[EventCountry "MKD"]
[SourceTitle "playchess.com"]
[Source "ChessBase"]
[SourceQuality "1"]
[TimeControl "40/5400+30:1800+30"]

1. e4 e5 2. Nf3 Nf6 3. Nxe5 d6 4. Nf3 Nxe4 5. Qe2 Qe7 6.
d3 Nf6 7. Bg5 Nbd7 8. Nc3 h6 9. Bh4 Qxe2+ 10. Bxe2 g5 11. Bg3 Nh5 12. Nd5 Kd8 13. Nd2 Nxg3 14. hxg3 Bg7 15. O-O-O Nf6 16. Ne3 Be6 17. g4 Kd7 18. Bf3 c6 19. Nb3 h5 20. gxh5 g4 21. Be2 Bh6 22. Nd4 g3 23.
Kb1 gxf2 24. Ndf5 Nd5 25. Nxd5 Bxf5 26. Bg4 Be6 27. Bxe6+ fxe6 28. Nf6+ Ke7 29. Ne4 Be3 30. Rh3 Bb6 31. g4 d5 32. Nd2 Rag8 33. Rh4 Be3 34. Nf3 Bf4 35. Nh2 Bg3 36. Rh3 Bxh2 37. Rxh2 Rxg4 38. Rxf2 Rxh5 39. b3 Rgh4 40. Rdf1 Rh1 41. Rf7+ Ke8 42. Rf8+ Kd7 43. R8f7+ Kc8 44. Rxh1 Rxh1+ 45. Kb2 Re1 46. d4 a5 47. a4 Re3 48. Re7 Kb8 49. Rh7 Ka7 50. Re7 Kb6 51. Rf7 c5 52. dxc5+ Kc6 53.
Kc1 e5 54. Kd2 Rh3 55. Re7 e4 56. c3 Rh2+ 57. Kc1 Ra2 58. Kb1 Re2 59. Kc1 e3 60. Kd1 Rb2 61. Rxe3 Rxb3 62. Kc2 Ra3 63. Re8 Rxa4 64. Rc8+ Kb5 65. Rc7 Rh4 66. Rxb7+ Kxc5 67. Ra7 a4 68. Ra5+ Kd6 69. Kd3 Ke5 70. Ra8 Rh3+ 71. Kc2 Rh2+ 72. Kb1 1/2-1/2

[Event "36th European Club Cup 2021"]
[Site "Struga"]
[Date "2021.09.24"]
[Round "7.31"]
[White "Gukesh D"]
[Black "Donchenko, Alexander"]
[Result "1/2-1/2"]
[ECO "D38"]
[WhiteElo "2599"]
[BlackElo "2641"]
[Annotator "ChessBase"]
[PlyCount "69"]
[EventDate "2021.09.18"]
[EventType "team-tourn"]
[EventCountry "MKD"]
[SourceTitle "playchess.com"]
[Source "ChessBase"]
[SourceQuality "1"]
[TimeControl "40/5400+30:1800+30"]

1. d4 Nf6 2. c4 e6 3. Nf3 d5 4. Nc3 Bb4 5. Bg5 h6 6. Bxf6 Qxf6 7. Qa4+ Nc6 8.
e3 O-O 9. Be2 dxc4 10. O-O Bd7 11. Bxc4 Bxc3 12. bxc3 Rfd8 13. Be2 e5 14. Qc2 Bf5 15. Bd3 Bxd3 16. Qxd3 Qe6 17. Qc2 b6 18. Rad1 Rd6 19. c4 exd4 20. exd4 Qf6 21. d5 Ne7 22. Rfe1 c6 23. Qe4 Re8 24. h3 Rdd8 25. Ne5 cxd5 26. cxd5 Ng6 27. Ng4 Qe7 28. Qxe7 Rxe7 29. Rxe7 Nxe7 30. Ne3 Rd7 31. g4 Kf8 32. Kg2 Nc8 33. Rc1 Ne7 34. Rd1 Nc8 35. Rc1 1/2-1/2

[Event "36th European Club Cup 2021"]
[Site "Struga"]
[Date "2021.09.24"]
[Round "7.32"]
[White "Demchenko, Anton"]
[Black "Dudin, Gleb"]
[Result "1-0"]
[ECO "B12"]
[WhiteElo "2610"]
[BlackElo "2434"]
[Annotator "ChessBase"]
[PlyCount "81"]
[EventDate "2021.09.18"]
[EventType "team-tourn"]
[EventCountry "MKD"]
[SourceTitle "playchess.com"]
[Source "ChessBase"]
[SourceQuality "1"]
[TimeControl "40/5400+30:1800+30"]

1. e4 c6 2. d4 d5 3. e5 c5 4. Nf3 cxd4 5. Nxd4 e6 6. Nd2 Ne7 7. N2f3 Nbc6 8.
c3 Ng6 9. Nxc6 bxc6 10. Bd3 Be7 11. Qe2 a5 12. h4 Nf8 13.
Nd4 Bd7 14. Qg4 Rg8 15. Bg5 Qb8 16. Nf3 Qxb2 17. Rc1 f6 18.
Bd2 f5 19. Qg3 c5 20. O-O Qb8 21. Rb1 Qc7 22. Bg5 h6 23. Bxh6 Bc6 24. Bf4 g6 25. Rb2 Rb8 26. Rfb1 Rxb2 27. Rxb2 Rh8 28. Bg5 Kf7 29. Be2 Nh7 30. Bxe7 Qxe7 31. Qf4 Kg7 32. Qe3 a4 33. Rb6 Rc8 34. g3 Nf8 35. Ng5 Nh7 36. Qxc5 Qd7 37. Nf3 Nf8 38. Nd4 Ba8 39. Qb4 Kf7 40. Ra6 Qc7 41. Nb5 1-0

[Event "36th European Club Cup 2021"]
[Site "Struga"]
[Date "2021.09.24"]
[Round "7.33"]
[White "Boskovic, Drasko"]
[Black "Antipov, Mikhail Al."]
[Result "0-1"]
[ECO "B51"]
[WhiteElo "2457"]
[BlackElo "2607"]
[Annotator "ChessBase"]
[PlyCount "66"]
[EventDate "2021.09.18"]
[EventType "team-tourn"]
[EventCountry "MKD"]
[SourceTitle "playchess.com"]
[Source "ChessBase"]
[SourceQuality "1"]
[TimeControl "40/5400+30:1800+30"]

1. e4 c5 2. Nf3 d6 3. Bb5+ Nd7 4. O-O a6 5. Bd3 Ngf6 6. Re1 Qc7 7. Qe2 b5 8. c4 bxc4 9. Bxc4 e6 10. d4 cxd4 11. Nxd4 Be7 12. Bxe6 fxe6 13. Nxe6 Qb7 14. Nxg7+ Kf7 15. Nf5 Ne5 16.
Nxe7 Qxe7 17. Nc3 Rg8 18. Kh1 Rxg2 19. Kxg2 Bg4 20. Qc2 Bh3+ 21. Kxh3 Qe6+ 22. Kg2 Rg8+ 23. Kf1 Qh3+ 24. Ke2 Qf3+ 25. Kf1 Nfg4 26. Bf4 Qxf4 27. Qb3+ Kg7 28. Nd1 Nxh2+ 29. Ke2 Qg4+ 30. Ke3 Nhf3 31. Qb7+ Kh8 32. Nc3 Qg5+ 33. Ke2 Qd2+ 0-1

[Event "36th European Club Cup 2021"]
[Site "Struga"]
[Date "2021.09.24"]
[Round "7.34"]
[White "Lomasov, Semyon"]
[Black "Tadic, Stefan"]
[Result "1-0"]
[ECO "B35"]
[WhiteElo "2526"]
[BlackElo "2339"]
[Annotator "ChessBase"]
[PlyCount "65"]
[EventDate "2021.09.18"]
[EventType "team-tourn"]
[EventCountry "MKD"]
[SourceTitle "playchess.com"]
[Source "ChessBase"]
[SourceQuality "1"]
[TimeControl "40/5400+30:1800+30"]

1. e4 c5 2. Nf3 g6 3. d4 cxd4 4. Nxd4 Nc6 5. Nc3 Bg7 6. Be3 Nf6 7. Bc4 O-O 8. Bb3 d5 9. exd5 Na5 10. Qf3 Nxb3 11. axb3 Bg4 12. Qg3 Bh5 13. d6 Ng4 14. h3 Nxe3 15. fxe3 exd6 16. O-O Qe7 17. Nd5 Qe5 18. Nf4 Rae8 19. Rae1 f5 20. c3 Qe4 21. Nxh5 gxh5 22. Rf4 Qd3 23. Rf3 Qd2 24. Nxf5 Rxf5 25. Rxf5 Qxb2 26. Qxd6 Qxb3 27. Qd7 Qe6 28. Qxe6+ Rxe6 29. Rd1 Bxc3 30. Rd7 Rxe3 31.
Rc5 Re1+ 32. Kf2 Re7 33. Rc8+ 1-0

[Event "36th European Club Cup 2021"]
[Site "Struga"]
[Date "2021.09.24"]
[Round "7.35"]
[White "Gotovusa, Goran"]
[Black "Arngrimsson, Dagur"]
[Result "0-1"]
[ECO "D04"]
[WhiteElo "2161"]
[BlackElo "2383"]
[Annotator "NA"]
[PlyCount "68"]
[EventDate "2021.09.18"]
[EventType "team-tourn"]
[EventCountry "MKD"]
[SourceTitle "playchess.com"]
[Source "ChessBase"]
[SourceQuality "1"]
[TimeControl "40/5400+30:1800+30"]

1. d4 d5 2. e3 Nf6 3. Bd3 g6 4. Nf3 Bg7 5. b4 a5 6. b5 Nbd7 7. O-O c5 8. bxc6 bxc6 9. Nbd2 O-O 10. h3 Qc7 11. Ba3 c5 12. c4 Ba6 13. Rc1 Qa7 14. Nb3 cxd4 15. Nbxd4 Rfc8 16. cxd5 Rxc1 17. Bxc1 Nxd5 18. Bxa6 Qxa6 19. Nf5 N7f6 20. Nxg7 Nc3 21. Qb3 Ne2+ 22. Kh2 Nxc1 23. Rxc1 Qd6+ 24. g3 Kxg7 25. e4 Rb8 26. Qe3 Qe6 27. Qf4 Rb4 28. Ng5 Qxa2 29. Rc7 h6 30. h4 hxg5 31. hxg5 Nxe4 32. Rxe7 Qxf2+ 33. Kh3 Nxg5+ 34. Qxg5 Qf1+ 0-1

[Event "36th European Club Cup 2021"]
[Site "Struga"]
[Date "2021.09.24"]
[Round "7.36"]
[White "Lagerman, Robert"]
[Black "Gjorgjieski, Dejan"]
[Result "1/2-1/2"]
[ECO "B08"]
[WhiteElo "2300"]
[BlackElo "2125"]
[Annotator "NA"]
[PlyCount "84"]
[EventDate "2021.09.18"]
[EventType "team-tourn"]
[EventCountry "MKD"]
[SourceTitle "playchess.com"]
[Source "ChessBase"]
[SourceQuality "1"]
[TimeControl "40/5400+30:1800+30"]

1. e4 g6 2. d4 Bg7 3. Nc3 d6 4. Be2 Nd7 5. Nf3 c6 6. O-O Qc7 7. a4 Ngf6 8. h3 O-O 9. Be3 e5 10. Qd2 Re8 11. dxe5 dxe5 12. Rfd1 Bf8 13. Bc4 Nb6 14. Bd3 a5 15. Ne2 Nfd7 16. Ng3 Nc5 17. Bf1 Ncxa4 18. Rdb1 Nc5 19. Qc3 Nba4 20. Qe1 b5 21. b3 Nb6 22. Rxa5 Rxa5 23. Qxa5 Nd5 24. Qxc7 Nxc7 25. Ra1 N7a6 26. Ne1 h5 27. f3 Be7 28. Ne2 Rd8 29. Bf2 Kf8 30. Nc1 f5 31. exf5 Bxf5 32. Ncd3 e4 33. fxe4 Bxe4 34. g3 g5 35. Bg2 Bxg2 36. Kxg2 Nxd3 37. Nxd3 Nb4 38. Nxb4 Bxb4 39. Be3 Rd5 40. g4 hxg4 41. hxg4 Bc5 42. Ra8+ Kf7 1/2-1/2

[Event "36th European Club Cup 2021"]
[Site "Struga"]
[Date "2021.09.24"]
[Round "7.37"]
[White "Llobell Cortell, Enrique"]
[Black "Heimann, Andreas"]
[Result "1/2-1/2"]
[ECO "C27"]
[WhiteElo "2392"]
[BlackElo "2587"]
[Annotator "ChessBase"]
[PlyCount "180"]
[EventDate "2021.09.18"]
[EventType "team-tourn"]
[EventCountry "MKD"]
[SourceTitle "playchess.com"]
[Source "ChessBase"]
[SourceQuality "1"]
[TimeControl "40/5400+30:1800+30"]

1. e4 e5 2. Nc3 Nf6 3. Bc4 Nxe4 4. Qh5 Nd6 5. Qxe5+ Qe7 6.
Qxe7+ Bxe7 7. Bb3 Nf5 8. Nf3 c6 9. d4 d5 10. Ne2 O-O 11. O-O Re8 12. Re1 Nh4 13. Nxh4 Bxh4 14. Bf4 Bg4 15. Ng3 Nd7 16. Kf1 g6 17. Rxe8+ Rxe8 18. Re1 Rxe1+ 19. Kxe1 Bd8 20. c3 h5 21. f3 Be6 22. Bc2 Kg7 23. Bd6 Kf6 24. Ne2 Bf5 25. Bxf5 Kxf5 26. h3 h4 27. Nc1 Ke6 28. Bf4 g5 29. Bh2 f5 30. Nd3 f4 31. Bg1 b6 32. Kd2 Be7 33.
Bf2 Bd6 34. Kc2 Nf8 35. Kd2 Ng6 36. Ke2 Ne7 37. Kd1 Nf5 38.
Kd2 Kd7 39. Ke2 Kc7 40. Kd2 Kb7 41. a4 Ng7 42. Kc2 Ne6 43.
b4 Kc7 44. Bg1 Ng7 45. Bf2 Nf5 46. Kd2 Bf8 47. Bg1 Bg7 48. Bf2 Nd6 49. Nb2 Nb7 50. Kd3 Bf8 51. Be1 Bg7 52. Bf2 a5 53. bxa5 Nxa5 54. c4 Nb7 55. cxd5 cxd5 56. Be1 Nd6 57. Bf2 Nf5 58. Nd1 Kc6 59. Nb2 Bf8 60. Kc3 Kb7 61. Nd3 Ka6 62. Ne5 Be7 63. Nc6 Bd6 64. Kd3 Bf8 65. Kc3 Ba3 66. Kd3 Bd6 67. Kc3 Ng7 68. Nd8 b5 69. axb5+ Kxb5 70. Nf7 Bb4+ 71. Kd3 Ne6 72. Ne5 Ba5 73. Nd7 Bb4 74. Ne5 Nd8 75. Nd7 Nf7 76. Nf6 Kc6 77. Ng4 Kd6 78. Bg1 Ke6 79. Bf2 Ba5 80. Bg1 Nd6 81. Ne5 Be1 82. Ke2 Bg3 83. Kd3 Nf7 84. Ng4 Nd6 85. Ne5 Kf5 86. Kc3 Be1+ 87. Kd3 Kf6 88. Ke2 Bg3 89. Kd3 Ke6 90. Kc3 Be1+ 1/2-1/2

[Event "36th European Club Cup 2021"]
[Site "Struga"]
[Date "2021.09.24"]
[Round "7.39"]
[White "Pallardo Lozoya, Jose Vicente"]
[Black "Breder, Dennis"]
[Result "1/2-1/2"]
[ECO "B26"]
[WhiteElo "2357"]
[BlackElo "2463"]
[Annotator "ChessBase"]
[PlyCount "93"]
[EventDate "2021.09.18"]
[EventType "team-tourn"]
[EventCountry "MKD"]
[SourceTitle "playchess.com"]
[Source "ChessBase"]
[SourceQuality "1"]
[TimeControl "40/5400+30:1800+30"]

1. e4 c5 2. Nc3 g6 3. g3 Bg7 4. Bg2 Nc6 5. d3 d6 6. Be3 e5 7. Qd2 Nge7 8. Bh6 Bxh6 9. Qxh6 Nd4 10. Qd2 h5 11. Nce2 h4 12. c3 Nxe2 13. Nxe2 Be6 14. d4 Qd7 15. Ng1 cxd4 16. cxd4 Qa4 17. d5 Bg4 18. f3 Bd7 19. Ne2 Rc8 20. Nc3 Qc4 21. Nd1 f6 22. Ne3 Qd4 23. Rd1 Qb6 24. f4 Kf7 25. O-O Kg7 26. Rf2 hxg3 27. hxg3 exf4 28. gxf4 Rh4 29. Qd4 Qxd4 30. Rxd4 b5 31. Rd1 Ng8 32. Nc2 Nh6 33. Nd4 Ng4 34. Re2 Kf7 35. Nf3 Rh5 36. Rf1 b4 37. Rfe1 Bb5 38. Rd2 Bd7 39. Rde2 a5 40. Rd2 Rc5 41. Bf1 Ke7 42. Kg2 Rc8 43. Kg1 Rh7 44. Bg2 Rh5 45. Bf1 g5 46. fxg5 fxg5 47. Kg2 1/2-1/2

[Event "36th European Club Cup 2021"]
[Site "Struga"]
[Date "2021.09.24"]
[Round "7.40"]
[White "Brunner, Nicolas"]
[Black "Ibanez Aullana, Ramon"]
[Result "1/2-1/2"]
[ECO "D37"]
[WhiteElo "2425"]
[BlackElo "2269"]
[Annotator "NA"]
[PlyCount "79"]
[EventDate "2021.09.18"]
[EventType "team-tourn"]
[EventCountry "MKD"]
[SourceTitle "playchess.com"]
[Source "ChessBase"]
[SourceQuality "1"]
[TimeControl "40/5400+30:1800+30"]

1. d4 Nf6 2. c4 e6 3. Nf3 d5 4. Nc3 Be7 5. Bf4 O-O 6. e3 Nbd7 7. c5 Nh5 8.
Bd3 Re8 9. O-O c6 10. b4 g6 11. Qd2 g5 12. Bg3 f5 13. Ne5 Nxg3 14. hxg3 Nxe5 15. dxe5 b6 16. Na4 Bf8 17. f4 g4 18. Kf2 Rb8 19. Qc3 Bd7 20.
a3 Re7 21. Qd4 h5 22. Rh1 Rh7 23. Rab1 Be8 24. Be2 b5 25. Nc3 a5 26. Na2 Ra8 27. Nc1 a4 28. Bd3 Qe7 29. Ne2 Rc8 30. Rh2 Qf7 31. Rbh1 Bd7 32. Qa1 Be7 33. Nd4 Bf8 34. Qb1 Be7 35. Qa1 Bf8 36. Qf1 Rb8 37. Qa1 Be7 38. Qb1 Rc8 39. Qf1 Rb8 40. Qb1 1/2-1/2